 Dungeon Crawl Stone Soup version 0.29.1-15-g9cfb28693d (webtiles) character file.

Game seed: 5325409710821288909

5 ChrisAssaf the Caller (level 1, 0/13 HPs)
             Began as a Human Summoner on Apr 9, 2023.
             Was a Follower of Uskayaw.
             Slain by a kobold
             ... wielding a +3 dagger
              (5 damage)
             ... on level 1 of the Dungeon.
             The game lasted 00:01:27 (257 turns).

ChrisAssaf the Caller (Human Summoner)               Turns: 257, Time: 00:01:27

Health: 0/13       AC:  2    Str:  8    XL:     1   Next: 88%
Magic:  0/3        EV: 12    Int: 15    God:    Uskayaw [*.....]
Gold:   45         SH:  0    Dex: 13    Spells: 2/4 levels left

rFire   . . .      SeeInvis .   (no weapon)
rCold   . . .      Faith    .   (no shield)
rNeg    . . .      Spirit   .   a - +0 robe
rPois   .          Reflect  .   (no helmet)
rElec   .          Harm     .   (no cloak)
rCorr   .          Rampage  .   (no gloves)
Will    .....                   (no boots)
Stlth   ++........              (no amulet)
HPRegen 0.04/turn               (no ring)
MPRegen 0.08/turn               (no ring)

@: no status effects
A: no striking features
a: Renounce Religion, Stomp


You were on level 1 of the Dungeon.
You worshipped Uskayaw.
Uskayaw was noncommittal.
You visited 1 branch of the dungeon, and saw 1 of its levels.

You collected 45 gold pieces.

Inventory:

Armour
 a - a +0 robe (worn)
Scrolls
 e - a scroll of teleportation {unknown}
Potions
 b - a potion of magic
 d - a potion of invisibility {unknown}


   Skills:
 * Level 0.2 Armour
 * Level 2.0 Dodging
 * Level 2.0 Stealth
 * Level 2.0 Spellcasting
 * Level 4.1 Summonings
 * Level 0.1 Transmutations


You had 2 spell levels left.
You knew the following spells:

 Your Spells              Type           Power      Damage    Failure   Level
a - Summon Small Mammal   Summ           56%        N/A       4%          1
b - Sting                 Tmut/Pois      4%         1d3       22%         1

Your spell library contained the following spells:

 Spells                   Type           Power      Damage    Failure   Level
 Call Imp                 Summ           14%        N/A       6%          2
 Poisonous Vapours        Pois/Air       2%         N/A       32%         2
 Call Canine Familiar     Summ           14%        N/A       12%         3
 Summon Guardian Golem    Hex/Summ       7%         N/A       28%         3
 Summon Lightning Spire   Summ/Air       7%         N/A       67%         4
 Olgreb's Toxic Radiance  Pois           1%         N/A       91%         4


Dungeon Overview and Level Annotations

Branches:
Dungeon (1/15)

Altars:
Uskayaw


Message History

You swap places.
Your bat hits the endoplasm.
Your bat hits the endoplasm but does no damage.
The endoplasm hits your bat.
Your bat barely misses the endoplasm.
Your bat hits the endoplasm.
Casting: Summon Small Mammal (safe; 4% risk of failure)
Confirm with . or Enter, or press ? or * to list all spells.
Your bat hits the endoplasm but does no damage. x2
The endoplasm hits your bat.
Your bat dies!
Your bat's corpse disappears in a puff of smoke!
The endoplasm quivers.
You swap places.
The endoplasm closely misses your rat.
Your rat bites the endoplasm.
The endoplasm hits your rat.
Your rat bites the endoplasm.
The endoplasm dies!
You swap places.
Found a stone staircase leading down.
Found 12 gold pieces.
You now have 45 gold pieces (gained 12).
A kobold comes into view. It is wielding a +3 dagger.
The kobold shouts!
The kobold throws a stone.
The stone hits you.
Your rat disappears in a puff of smoke!
Casting: Summon Small Mammal (safe; 4% risk of failure)
Confirm with . or Enter, or press ? or * to list all spells.
Aiming: Sting (safe; 22% risk of failure)
Press: ? - help, Shift-Dir - straight line, f - kobold
Aim: a kobold, wielding a +3 dagger and quivering stones (55% to hit)
The sting misses the kobold.
Casting: Sting (safe; 22% risk of failure)
Confirm with . or Enter, or press ? or * to list all spells.
Aiming: Sting (safe; 22% risk of failure)
Press: ? - help, Shift-Dir - straight line, f/p - kobold
Aim: a kobold, wielding a +3 dagger and quivering stones (55% to hit)
The sting misses the kobold.
Casting: Sting (safe; 22% risk of failure)
Confirm with . or Enter, or press ? or * to list all spells.
The kobold hits you with a +3 dagger. The kobold attacks as you move away!
The kobold hits you with a +3 dagger.
You die...

**,**
*,,,,,,,,**
#.#
*,*,,,*,**
#.#
*,*,,,*,**
#.#
*,*,,,*,,**
#.#
*,,,,,,,,,,
#.#
***,****,**
#.# *,*
*,** #K#
*,* *,,,
#@# *,*
**** #.#
*,* #b#####
*,*******
#.....#
*,,,,,,,,
#####.#
*********
#.# #.# #.#
##.##


You could see a kobold (ally target) and a friendly bat (summoned).

Vanquished Creatures
  A giant cockroach (D:1)
  2 goblins (D:1)
3 creatures vanquished.

Vanquished Creatures (collateral kills)
  An endoplasm (D:1)
1 creature vanquished.

Grand Total: 4 creatures vanquished

Notes
Turn   | Place    | Note
-------+----------+-------------------------------------------
     0 | D:1      | ChrisAssaf the Human Summoner began the quest for the Orb.
     0 | D:1      | Reached XP level 1. HP: 13/13 MP: 3/3
    39 | D:1      | Learned a level 1 spell: Sting
   123 | D:1      | Found a faded altar of an unknown god.
   134 | D:1      | Prayed at the altar of an unknown god.
   134 | D:1      | Became a worshipper of Uskayaw the Reveller
   134 | D:1      | Reached * piety under Uskayaw
   257 | D:1      | Slain by a kobold

Illustrated notes

Levels and vault maps discovered:
D:1:      minmay_arrival_diagonal_passages, layout_loops_ring,
          basic_ecumenical_altar, hangedman_feature_mirror

Action                   || total
-------------------------++-------
 Cast: Sting             ||     5
       Summon Small Mamm ||     4
  Use: Scroll            ||     1
Dodge: Dodged            ||     2
